 Dungeon Crawl Stone Soup version 0.29-a0-88-g03a7b78be7 (webtiles) character file.

Game seed: 6065797506765104148

12042 lordive the Nimble (level 11, -1/56 HPs)
             Began as a Spriggan Abyssal Knight on Feb 5, 2022.
             Was a High Priest of Lugonu.
             Killed from afar by Harold (6 damage)
             ... with a harpoon shot
             ... on level 1 of the Lair of Beasts.
             The game lasted 00:41:23 (18082 turns).

lordive the Nimble (Spriggan Abyssal Knight)       Turns: 18082, Time: 00:41:24

Health: -1/56      AC: 10    Str:  9    XL:     11   Next: 57%
Magic:  20/20      EV: 22    Int: 17    God:    Lugonu [*****.]
Gold:   613        SH:  0    Dex: 15    Spells: 20/20 levels left

rFire   + . .      SeeInvis +   E - +1 short sword (venom)
rCold   . . .      Faith    .   (no shield)
rNeg    . . .      Spirit   .   L - +0 steam dragon scales
rPois   .          Reflect  .   (helmet restricted)
rElec   .          Harm     .   K - +0 cloak
rCorr   .          Rampage  .   (gloves unavailable)
Will    +....                   (boots unavailable)
Stlth   ++++......              M - amulet of regeneration
HPRegen 0.98/turn               g - +4 ring of protection
MPRegen 0.17/turn               X - ring of protection from fire

@: marked, studying Fighting, very quick
A: very small, no large weapons, unfitting armour, see invisible, speed 3
a: Renounce Religion, Depart the Abyss, Bend Space, Banish, Corrupt, Enter the
Abyss


You were on level 1 of the Lair of Beasts.
You worshipped Lugonu.
Lugonu was extremely pleased with you.
You visited 3 branches of the dungeon, and saw 13 of its levels.
You visited the Abyss 1 time.

You collected 613 gold pieces.

Inventory:

Hand Weapons
 n - a +2 dagger of speed
 C - the +1 dagger of the Skies Above {drain, rC+}
   (You found it on level 3 of the Dungeon)

   A truly terrible weapon, it drains the life of any living foe it strikes.
   rC:        It protects you from cold.
 E - a +1 short sword of venom (weapon)
 Q - the +10 hunting sling of Doisch {speed, rPois Dex-3 Stlth+}
   (You found it on level 7 of the Dungeon)

   Attacks with this weapon are significantly faster.
   Dex:       It affects your dexterity (-3).
   rPois:     It protects you from poison.
   Stlth:     It makes you more stealthy.
Missiles
 J - 133 arrows
 R - 375 stones
Armour
 t - a +1 robe of willpower
 H - a +0 robe of fire resistance
 K - a +0 cloak (worn)
 L - +0 steam dragon scales (worn)
Jewellery
 g - a +4 ring of protection (left hand)
 r - a ring of fire
 M - an amulet of regeneration (around neck)
 V - a +4 ring of protection
 X - a ring of protection from fire (right hand)
Wands
 b - a wand of digging (3)
 u - a wand of acid (7)
 w - a wand of polymorph (21)
 Y - a wand of flame (11)
Scrolls
 a - a scroll of identify
 d - 5 scrolls of vulnerability {unknown}
 f - 3 scrolls of noise {unknown}
 h - a scroll of holy word {unknown}
 m - a scroll of brand weapon {unknown}
 p - a scroll of torment {unknown}
 s - 10 scrolls of amnesia {unknown}
 x - a scroll of fear {unknown}
 y - 3 scrolls of magic mapping {unknown}
 B - 2 scrolls of immolation {unknown}
 G - 2 scrolls of enchant weapon {unknown}
 N - 2 scrolls of fog {unknown}
 P - 2 scrolls of blinking {unknown}
 W - 3 scrolls of teleportation {unknown}
Potions
 c - a potion of cancellation
 i - 2 potions of lignification
 l - 3 potions of invisibility
 o - a potion of berserk rage
 q - 3 potions of resistance
 v - 2 potions of haste
 A - a potion of ambrosia
 D - a potion of flight
 S - 2 potions of might
 T - 2 potions of curing


   Skills:
 * Level 5.6 Fighting
 * Level 9.1 Short Blades
 * Level 5.1 Slings
 * Level 3.5 Armour
 * Level 9.9 Dodging
 * Level 7.6 Stealth
 * Level 3.6 Shields
 * Level 5.4 Spellcasting
 * Level 4.7 Hexes
 * Level 6.4 Translocations
 * Level 4.8 Invocations
 * Level 5.8 Evocations


You had 20 spell levels left.
You didn't know any spells.
Your spell library contained the following spells:

 Spells                   Type           Power      Damage    Failure   Level
 Inner Flame              Hex/Fire       12%        N/A       16%         3
 Cause Fear               Hex            10%        N/A       19%         4
 Discord                  Hex            10%        N/A       100%        8


Dungeon Overview and Level Annotations

Branches:
Dungeon (10/15)            Temple (1/1) D:5            Lair (2/6) D:10
  Swamp: Lair:2-4    Shoals: Lair:2-4     Snake: Lair:2-4    Spider: Lair:2-4
    Orc: D:9-12

Altars:
Ashenzari
Cheibriados
Dithmenos
Elyvilon
Fedhas
Gozag
Hepliaklqana
Kikubaaqudgha
Makhleb
Nemelex Xobeh
Okawaru
Qazlal
Ru
Sif Muna
Trog
Uskayaw
Vehumet
Wu Jian
Xom
Yredelemnul
Zin
The Shining One

Annotations:
Lair:1 Harold


Innate Abilities, Weirdness & Mutations

You are very small and have problems with some larger weapons.
You are too small for most types of armour.
You have supernaturally acute eyesight. (SInv)
You cover ground extremely quickly. (Speed+++)


Message History

You barely miss the wolf. Your punch misses the wolf.
The wolf is almost dead.
The wolf barely misses you.
You closely miss the wolf.
The wolf is almost dead.
You kill the wolf!
Lugonu accepts your kill.
You barely miss Harold. You hit Harold but do no damage.
Harold is poisoned.
Harold hits you with a +0 battleaxe!!
You hit Harold.
Harold looks as sick as possible!
Harold is lightly wounded.
Harold misses you.
You hit Harold.
Harold looks as sick as possible!
Harold is lightly wounded.
You hit Harold but do no damage.
Harold looks as sick as possible!
Harold is lightly wounded.
Harold hits you with a +0 battleaxe.
You hit Harold but do no damage.
Harold looks as sick as possible!
Harold is lightly wounded.
Harold says, "I was hoping my final job would be more of a challenge, but money is money."
Harold hits you with a +0 battleaxe! Harold gestures at you while chanting.
A sentinel's mark forms upon you.
You start resting.
Harold is nearby!
Harold zaps a wand.
The mass of ice explodes!
The iceblast engulfs you!
You hit Harold.
Harold looks as sick as possible!
Harold is heavily wounded.
You hit Harold.
Harold looks as sick as possible!
Your punch misses Harold.
Harold is heavily wounded.
Harold hits you with a +0 battleaxe!!
You hit Harold but do no damage.
Harold looks as sick as possible!
Harold is heavily wounded.
Harold hits you with a +0 battleaxe!
* * * LOW HITPOINT WARNING * * *
Unknown command.
Harold fires a harpoon shot at you. The harpoon shot hits you.
You die...

####.## #..#......#......#....##.
#.....###..#.............++...#..
#....).....#......#......##...#..
#.....###.........#......''...##.
.##..## #.>#......#......#######.
####.####..#......#...)..#.#####.
####.##.#..#......#@.............
...........##+##+#...............
................@................
.................................
.................................
.........}.......................
##'#.##..................##.#####
...........####..###.....###.##.#
......#...####.+####.....##....##
......#...#P......##......#.....#
......P...##......##.....#......#


You could see Harold (extremely poisoned).

Vanquished Creatures
  A hydra (D:9)
  Pikel (D:8)
  2 cane toads (Lair:1)
  2 unseen horrors
  A komodo dragon (D:10)
  A hornet (D:10)
  Sigmund (D:2)
  A wraith (D:10)
  5 wyverns
  14 yaks
  Grum (D:8)
  A basilisk (D:10)
  4 vampire mosquitoes (D:9)
  6 water moccasins
  2 acid dragons
  An orc warrior (D:9)
  5 black bears
  3 sky beasts (D:7)
  2 ogres (D:5)
  11 wolves
  3 centaurs
  3 lemures (D:8)
  A kobold brigand (D:8)
  A bullfrog (D:6)
  A gnoll sergeant (D:9)
  4 scorpions
  A wyvern skeleton (D:7)
  Dowan (D:5)
  12 killer bees
  3 howler monkeys
  4 electric eels (D:10)
  5 centaur zombies
  2 bullfrog zombies
  Crazy Yiuf (D:5)
  2 bullfrog skeletons
  4 hounds
  An iron imp (D:3)
  A jelly (D:7)
  A centaur skeleton (D:6)
  4 iguanas
  9 orc wizards
  A howler monkey zombie (D:9)
  3 gnolls
  4 adders
  2 shadow imps (D:7)
  A white imp (D:7)
  2 ufetubi
  2 worms (D:2)
  3 dart slugs
  31 orcs
  6 ball pythons
  4 bats
  12 endoplasms
  5 giant cockroaches
  3 hobgoblins
  A jackal (D:5)
  13 kobolds
  3 quokkas
  4 frilled lizards
  6 goblins
  13 rats
248 creatures vanquished.

Vanquished Creatures (others)
  3 fungi (D:10)
  14 plants
17 creatures vanquished.

Grand Total: 265 creatures vanquished

Notes
Turn   | Place    | Note
-------+----------+-------------------------------------------
     0 | Abyss:1  | lordive the Spriggan Abyssal Knight began the quest for the
                  | Orb.
     0 | Abyss:1  | Reached XP level 1. HP: 11/11 MP: 3/3
    14 | D:1      | Escaped the Abyss
    69 | D:1      | Reached XP level 2. HP: 9/16 MP: 4/4
   727 | D:1      | Reached ** piety under Lugonu
   915 | D:1      | Reached XP level 3. HP: 19/19 MP: 5/5
  2191 | D:2      | Reached skill level 1 in Stealth
  2549 | D:2      | Reached skill level 1 in Evocations
  2651 | D:2      | Noticed Sigmund
  2836 | D:3      | Reached XP level 4. HP: 23/23 MP: 6/6
  2930 | D:3      | Found a snail-covered altar of Cheibriados.
  3477 | D:3      | Reached *** piety under Lugonu
  3679 | D:3      | Identified the +1 dagger of the Skies Above {drain, rC+}
  3700 | D:3      | Reached skill level 1 in Translocations
  3969 | D:4      | Found a broken altar of Ashenzari.
  4125 | D:4      | Reached skill level 1 in Spellcasting
  4161 | D:4      | Noticed a black bear
  4165 | D:4      | Killed a black bear
  4166 | D:4      | Reached XP level 5. HP: 28/28 MP: 7/7
  4335 | D:4      | Reached XP level 6. HP: 26/32 MP: 8/8
  4647 | D:4      | Reached skill level 1 in Shields
  5181 | D:4      | Found a burning altar of Makhleb.
  5478 | D:2      | Found a faded altar of an unknown god.
  5788 | D:2      | Killed Sigmund
  5789 | D:2      | Reached skill level 1 in Armour
  5789 | D:2      | Reached XP level 7. HP: 36/36 MP: 10/10
  5804 | D:2      | Upgraded the game from 0.29-a0-82-g837932c90e to
                  | 0.29-a0-88-g03a7b78be7
  5874 | D:5      | Entered Level 5 of the Dungeon
  5890 | D:5      | Reached skill level 5 in Dodging
  6267 | D:5      | Found a staircase to the Ecumenical Temple.
  6271 | D:5      | Identified the +5 war axe of Indignation {vamp, rElec rN+
                  | MP+9}
  6293 | Temple   | Entered the Ecumenical Temple
  6669 | D:5      | Reached skill level 5 in Short Blades
  6945 | D:5      | Noticed Duvessa
  6956 | D:5      | Noticed Dowan
  7057 | D:5      | Killed Dowan
  7383 | D:5      | Noticed Duvessa
  7383 | D:5      | Duvessa changed into Duvessa the jackal
  7385 | D:5      | Killed Duvessa the jackal
  7433 | D:5      | Found a shimmering blue altar of Sif Muna.
  7438 | D:5      | Reached XP level 8. HP: 40/40 MP: 12/12
  7613 | D:5      | Found a runed translucent door.
  7614 | D:5      | Noticed Crazy Yiuf
  8111 | D:6      | Reached skill level 1 in Hexes
  9040 | D:6      | Reached **** piety under Lugonu
  9146 | D:6      | Noticed Maggie
  9186 | D:6      | Noticed Maggie
  9186 | D:6      | Maggie changed into Maggie the hound
  9517 | D:6      | Killed Maggie the hound
  9518 | D:6      | Reached skill level 5 in Stealth
  9752 | D:7      | Noticed an unseen horror
 10117 | D:6      | Identified the +1 leather armour of the Sea {Dex+9}
 10704 | D:5      | Killed Crazy Yiuf
 11073 | D:7      | Killed an unseen horror
 11074 | D:7      | Reached XP level 9. HP: 28/45 MP: 13/15
 11298 | D:7      | Found a large runed translucent door.
 11299 | D:7      | Found a large runed translucent door.
 11384 | D:7      | Found a hide-covered altar of Uskayaw.
 11401 | D:7      | Found an ornate altar of the Wu Jian Council.
 11449 | D:7      | Noticed a troll
 11509 | D:7      | a troll changed into a wyvern
 11846 | D:7      | Identified the +10 hunting sling of Doisch {speed, rPois
                  | Dex-3 Stlth+}
 12713 | D:8      | Noticed Pikel
 12882 | D:8      | Killed Pikel
 13086 | D:8      | Found an ancient bone altar of Kikubaaqudgha.
 13135 | D:8      | Reached skill level 1 in Slings
 13381 | D:8      | Noticed Grum
 13443 | D:8      | Killed Grum
 13529 | D:8      | Reached XP level 10. HP: 48/51 MP: 17/17
 14214 | D:9      | Reached skill level 5 in Translocations
 14324 | D:9      | Noticed a boulder beetle
 14328 | D:9      | Noticed an eight-headed hydra
 14328 | D:9      | a boulder beetle changed into an eight-headed hydra
 14404 | D:9      | Killed an eight-headed hydra
 14404 | D:9      | Reached ***** piety under Lugonu
 14610 | D:9      | Found a stormy altar of Qazlal.
 14857 | D:9      | Reached skill level 5 in Evocations
 15055 | D:10     | Entered Level 10 of the Dungeon
 15202 | D:10     | HP: 2/51 [electric eel/bolt of electricity (14)]
 15651 | D:10     | Reached skill level 5 in Fighting
 15850 | D:10     | Found a staircase to the Lair.
 15915 | D:10     | Reached XP level 11. HP: 37/55 MP: 19/19
 15930 | D:10     | Reached skill level 5 in Spellcasting
 16602 | D:10     | Identified the +1 chain mail of Ukly {Int+4}
 16607 | Lair:1   | Entered Level 1 of the Lair of Beasts
 17645 | Lair:1   | Reached skill level 5 in Slings
 17930 | Lair:1   | Noticed Harold
 18082 | Lair:1   | Killed from afar by Harold

Illustrated notes

Levels and vault maps discovered:
D:1:      dpeg_arrival_ratfight, layout_basic, serial_bayou,
          serial_bayou_pond_e, serial_bayou_pond_c, serial_bayou_crossing,
          serial_bayou_ford_a, minivault_24
D:2:      layout_loops_ring, hellmonk_ecumenical_altar_leap_of_faith,
          uniq_sigmund
D:3:      layout_loops_ring, slow_altar_2, minivault_5, glass_columns_b,
          kennysheep_pointless_box, minmay_misc_feat_rows
D:4:      layout_cave_pods, lemuel_crystal_altar, nicolae_ashenzari_skybound
D:5:      layout_rooms, nicolae_sif_muna_little_library,
          minmay_temple_entry_glassed_door, uniq_duvessa,
          uniq_crazy_yiuf_cottage
D:6:      layout_loops_corners, minmay_misc_feat_encased, uniq_maggie
D:7:      layout_rooms, jmf_multi_god_temple2, minmay_fountain_box
D:8:      layout_loops_corners, general_overflow_altar, hangedman_glass_teeth,
          minmay_unpleasant_kobolds, uniq_grum, uniq_pikel
D:9:      layout_irregular_city, marbit_many_paths, minmay_misc_feat_diagonals,
          nzn_sisyphean_effort
D:10:     layout_grid_maze, minmay_lair_entry_grove, chequers_big_river,
          chequers_serial_rivers_marsh
Temple:   eino_narrow_crystal_temple
Lair:1:   layout_regular_city, infiniplex_staircase_pool_2, uniq_harold
Lair:2:   layout_gridlike, nicolae_lair_grazing_beasts
          [nicolae_sub_lair_graze_edge, nicolae_sub_lair_graze_edge,
          nicolae_sub_lair_graze_edge, nicolae_sub_lair_graze_edge]

Skill      XL: |  1  2  3  4  5  6  7  8  9 10 11 |
---------------+----------------------------------+-----
Stealth        | 1 2 3 4 5 6 7 |  7.6
Evocations     | 1 2 3 4 5 |  5.8
Invocations    | 2 3 4 |  4.8
Short Blades   | 3 4 5 6 7 8 9 |  9.1
Dodging        | 4 5 6 8 9 |  9.9
Translocations | 1 2 3 4 5 6 |  6.4
Spellcasting   | 1 2 3 4 5 |  5.4
Fighting       | 3 4 5 |  5.6
Shields        | 1 2 3 |  3.6
Armour         | 1 2 3 |  3.5
Hexes          | 2 3 4 |  4.7
Slings         | 1 4 5 |  5.1

Action                   |  1- 3 |  4- 6 |  7- 9 | 10-12 || total
-------------------------+-------+-------+-------+-------++-------
Melee: Short sword       |   133 |       |    50 |   665 ||   848
       Punch             |     2 |     3 |    23 |    15 ||    43
       Dagger            |    44 |   218 |  1036 |   246 ||  1544
       Unarmed           |       |       |    12 |       ||    12
 Fire: Shortbow          |       |       |    37 |       ||    37
       Hunting sling     |       |       |       |    59 ||    59
Evoke: Wand              |       |    10 |    15 |     2 ||    27
  Use: Scroll            |       |       |     5 |     6 ||    11
       Potion            |       |       |     2 |     3 ||     5
 Stab: Sleeping          |     9 |     2 |    10 |     5 ||    26
       Paralysed         |       |       |     3 |       ||     3
       Distracted        |       |       |     1 |     1 ||     2
Armor: Robe              |    12 |    22 |    49 |       ||    83
       Steam dragon scal |       |       |    58 |   169 ||   227
Dodge: Dodged            |   115 |   117 |   570 |   767 ||  1569

Table legend: (Time is in decaauts)
 A = Elapsed time spent in this place.
 B = Non-inter-level travel time spent in this place.
 C = Inter-level travel time spent in this place.
 D = Time resting spent in this place.
 E = Time spent auto-exploring this place.
 F = Levels seen in this place.
 G = Mean time per level.
                   A        B        C        D        E       F      G
               +--------+--------+--------+--------+--------+-----+--------+
         Total |  12908 |  11796 |   1112 |   1610 |   7013 |  14 |  922.0 |
       Dungeon |  12021 |  10990 |   1031 |   1604 |   6556 |  10 | 1202.1 |
        Temple |    132 |    118 |     14 |      0 |    100 |   1 |  132.0 |
          Lair |    744 |    678 |     66 |      5 |    351 |   2 |  372.0 |
         Abyss |      8 |      8 |      0 |      0 |      5 |   1 |    8.0 |
               +--------+--------+--------+--------+--------+-----+--------+

Top non-repeatable levels by time:
     D:1: 1708 daAuts
     D:4: 1602 daAuts
     D:5: 1526 daAuts
     D:6: 1506 daAuts
     D:3: 1121 daAuts
    D:10: 1059 daAuts
     D:8: 956 daAuts
     D:7: 909 daAuts
     D:2: 881 daAuts
     D:9: 749 daAuts
  Lair:1: 743 daAuts
  Temple: 132 daAuts
 Abyss:1: 8 daAuts
  Lair:2: 1 daAuts
